 Dungeon Crawl Stone Soup version 0.22.1-2-g9c5b331383 (webtiles) character file.

20501 DildoBatman the Covert (level 13, -17/100 HPs)
             Began as a Formicid Wizard on Dec 5, 2018.
             Was a High Priest of Kikubaaqudgha.
             Hit by a large rock thrown by a stone giant (26 damage)
             ... on level 1 of the Orcish Mines.
             The game lasted 00:50:31 (12491 turns).

DildoBatman the Covert (Formicid Wizard)           Turns: 12491, Time: 00:50:31

Health: -17/100    AC:  6    Str: 14    XL:     13   Next: 12%
Magic:  12/20      EV: 16    Int: 21    God:    Kikubaaqudgha [*****.]
Gold:   385        SH:  0    Dex: 22    Spells: 10/22 levels left

rFire    . . .     SeeInvis +   a - +2 rapier (venom)
rCold    . . .     Gourm    .   (no shield)
rNeg     . . .     Faith    .   e - +0 leather armour of Ycrois {-Tele MR+++ Regen+ Dex+3}
rPois    .         Spirit   .   (helmet unavailable)
rElec    .         Reflect  .   f - scarf {cloud immunity}
rCorr    .         Harm     .   G - +0 pair of gloves
MR       ++++.                  g - +0 pair of boots
Stlth    +++++.....             r - amulet of regeneration
HPRegen  1.06/turn              W - +5 ring of dexterity
MPRegen  0.17/turn              X - +5 ring of dexterity

@: no status effects
A: permanent stasis, dig shafts and tunnels, four strong arms, antennae 3
a: Dig, Shaft Self, Receive Corpses, Torment, Renounce Religion


You were on level 1 of the Orcish Mines.
You worshipped Kikubaaqudgha.
Kikubaaqudgha was extremely pleased with you.
You were not hungry.

You visited 3 branches of the dungeon, and saw 13 of its levels.
You also visited: Ossuary.

You collected 785 gold pieces.
You spent 400 gold pieces at shops.

Inventory:

Hand Weapons
 a - a +2 rapier of venom (weapon)
 b - a +1 quarterstaff of protection
 c - a +2 shortbow of flaming
 d - a +0 hand axe of flaming
 I - the +1 flail of the Eight Coins {antimagic, rPois rF- Dex-4 SInv}
   (You found it on level 6 of the Dungeon)

   It reduces the magical energy of the wielder, and disrupts the spells and
   magical abilities of those hit.
   Natural abilities and divine invocations are not affected.
   It affects your dexterity (-4).
   It makes you vulnerable to fire.
   It protects you from poison.
   It lets you see invisible.
 K - the +1 rapier of War {freeze, rC+ Str+4 Int+2}
   (You found it on level 6 of the Dungeon)

   It has been specially enchanted to freeze those struck by it, causing extra
   injury to most foes and up to half again as much damage against particularly
   susceptible opponents.
   It can also slow down cold-blooded creatures.
   It affects your strength (+4).
   It affects your intelligence (+2).
   It protects you from cold.
Missiles
 j - 185 arrows
 m - 396 stones (quivered)
 J - 45 poisoned needles
 L - 5 curare-tipped needles
 M - 28 sling bullets
 O - 67 bolts
Armour
 e - the +0 leather armour of Ycrois (worn) {-Tele MR+++ Regen+ Dex+3}
   (You bought it in a shop on level 8 of the Dungeon)

   It affects your dexterity (+3).
   It affects your resistance to hostile enchantments.
   It prevents most forms of teleportation.
   It increases your rate of regeneration.
 f - a scarf of cloud immunity (worn)
 g - a +0 pair of boots (worn)
 h - a +1 leather armour of cold resistance
 q - a +0 troll leather armour
 G - a +0 pair of gloves (worn)
 N - a +1 cloak
Jewellery
 l - an uncursed ring of flight
 p - an uncursed ring of protection from fire
 r - an amulet of regeneration (around neck)
 V - an uncursed ring of protection from fire
 W - a +5 ring of dexterity (left hand)
 X - a +5 ring of dexterity (right hand)
Wands
 s - a wand of paralysis (2)
 t - a wand of iceblast (4)
 S - a wand of clouds (6)
 T - a wand of flame (18)
Scrolls
 o - 2 scrolls of vulnerability {unknown}
 x - 8 scrolls of remove curse
 y - 3 scrolls of noise {unknown}
 z - 3 scrolls of identify
 A - a scroll of amnesia {unknown}
 C - 2 scrolls of magic mapping
 P - a scroll of fog {unknown}
 R - 3 scrolls of immolation {unknown}
Potions
 k - 7 potions of curing
 n - 3 potions of brilliance {unknown}
 u - 3 potions of flight {unknown}
 w - 6 potions of lignification
 B - 3 potions of degeneration {unknown}
 D - 3 potions of agility {unknown}
 E - 3 potions of ambrosia {unknown}
 H - 2 potions of cancellation {unknown}
Comestibles
 v - 29 rations
 F - 22 chunks of flesh


   Skills:
 * Level 8.8 Fighting
 - Level 4.0 Short Blades
   Level 2.3(3.3) Polearms
 - Level 3.6(4.0) Staves
 * Level 7.9 Armour
 * Level 5.9 Dodging
 * Level 9.9 Stealth
 - Level 5.0 Spellcasting
 - Level 4.0 Conjurations
 - Level 6.4 Hexes
 * Level 2.0 Charms
   Level 1.0 Summonings
 * Level 1.8 Necromancy
   Level 0.8 Translocations
 - Level 3.1 Air Magic
 - Level 6.1 Poison Magic
 * Level 9.6 Evocations


You had 10 spell levels left.
You knew the following spells:

 Your Spells              Type           Power        Failure   Level  Hunger
a - Slow                  Hex            ####....     1%          2    None
b - Confuse               Hex            ####....     2%          3    ##.....
c - Magic Dart            Conj           ###.         2%          1    None
d - Regeneration          Chrm/Necr      ##........   17%         3    ##.....
e - Mephitic Cloud        Conj/Pois/Air  ###.....     6%          3    ##.....

Your spell library contained the following spells:

 Spells                   Type           Power        Failure   Level  Hunger
 Corona                   Hex            ####...      1%          1    None
 Tukima's Dance           Hex            ####....     2%          3    ##.....
 Shock                    Conj/Air       ###.         3%          1    None
 Dazzling Spray           Conj/Hex       ####..       4%          3    ##.....
 Ensorcelled Hibernation  Hex/Ice        ###...       5%          2    None
 Animate Skeleton         Necr           N/A          6%          1    None
 Pain                     Necr           ##..         6%          1    None
 Swiftness                Chrm/Air       ###.....     7%          2    None
 Corpse Rot               Necr           N/A          9%          2    None
 Sublimation of Blood     Necr           ##........   9%          2    None
 Throw Frost              Conj/Ice       ##....       9%          2    None
 Static Discharge         Conj/Air       ###.....     9%          3    ##.....
 Freeze                   Ice            #...         13%         1    None
 Call Imp                 Summ           #.......     13%         2    None
 Conjure Flame            Conj/Fire      ##......     17%         3    ##.....
 Vampiric Draining        Necr           ##........   19%         3    ##.....
 Ozocubu's Armour         Chrm/Ice       #.......     26%         3    ##.....
 Airstrike                Air            ###.......   34%         4    ####...
 Throw Icicle             Conj/Ice       ##......     50%         4    ####...
 Animate Dead             Necr           N/A          52%         4    ####...
 Lightning Bolt           Conj/Air       ###.......   63%         5    #####..
 Summon Ice Beast         Ice/Summ       #.......     71%         4    ####...
 Excruciating Wounds      Chrm/Necr      ##........   85%         5    #####..
 Agony                    Necr           ##......     86%         5    #####..
 Dispel Undead            Necr           ##......     86%         5    #####..
 Borgnjor's Vile Clutch   Necr/Erth      #.........   94%         5    #####..
 Simulacrum               Ice/Necr       #.........   100%        6    #######
 Blink                    Tloc           Unusable     N/A         2    N/A

Dungeon Overview and Level Annotations

Branches:
Dungeon (11/15)            Temple (1/1) D:6            Lair (0/6) D:11
    Orc (1/2) D:10

Altars:
Ashenzari
Cheibriados
Dithmenos
Elyvilon
Fedhas
Gozag
Hepliaklqana
Kikubaaqudgha
Makhleb
Nemelex Xobeh
Okawaru
Qazlal
Ru
Sif Muna
Trog
Uskayaw
Vehumet
Wu Jian
Xom
Yredelemnul
Zin
The Shining One

Shops:
D:6 (   D:8 [   D:9 *

Annotations:
D:11 exclusion: 2 oklob plants


Innate Abilities, Weirdness & Mutations

You cannot be hasted, slowed, berserked, paralysed or teleported.
You can dig through walls and to a lower floor.
Your four strong arms can wield two-handed weapons with a shield.
You have a pair of large antennae on your head. (SInv)


Message History

You impale the orc warrior!!
You kill the orc warrior!
Kikubaaqudgha accepts your kill.
Some of the chunks of flesh in your inventory have rotted away.
The stone giant throws a large rock.
The large rock barely misses you.
Found an escape hatch in the floor.
You hit the orc wizard.
The orc wizard is moderately wounded.
The stone giant throws a large rock.
The large rock hits you!!!
Ouch! That really hurt!
The orc wizard hits you but does no damage.
The stone giant throws a large rock.
The large rock hits you!!!
You see here a large rock.
The stone giant throws a large rock.
The large rock hits you!!
You die...
Kikubaaqudgha rasps: "You have failed me!
Welcome... death!"

## #....#.#.#....> #
#..........C..
#...........#
#.........# .......o#
###.)...### #
###.#..ยงยง..$# ##
##.#...(o.o.## )##
#..$..@(#.....# #)##
#.#.....##.......
##.## ##.....# ##.....
###)## ###......#
..$.. .###)##
#)....).## ....
###.#.# #.).)....##.
.... #
#######).)......... #
##.##...........
#######.######........


You could see a stone giant, 2 orc wizards and an orc.

Vanquished Creatures
  A stone giant (Orc:1)
  Snorg (Orc:1)
  Josephine (D:10)
  2 hydras
  A two-headed ogre (D:8)
  2 orc high priests (Orc:1)
  Urug (Orc:1)
  An unseen horror (D:11)
  An ugly thing (D:11)
  2 cyclopes
  A manticore (D:11)
  4 centaur skeletons
  5 trolls
  2 dream sheep (D:8)
  2 hippogriffs
  Sigmund (D:2)
  A wyvern (D:9)
  13 yaks
  7 wraiths
  Eustachio (D:4)
  Grum (D:11)
  Menkaure (D:5)
  2 wargs (Orc:1)
  A water moccasin (D:11)
  3 sky beasts
  3 ice beasts
  12 orc warriors
  10 ogres
  4 black bears
  4 centaurs
  3 wolves (D:11)
  4 big kobolds
  4 bullfrogs
  A wyvern skeleton (D:9)
  5 scorpions
  6 killer bees (D:9)
  2 howler monkeys
  3 wights (Ossuary)
  An electric eel (D:11)
  7 crimson imps
  5 hounds
  2 quasits
  A centaur zombie (D:7)
  11 orc priests
  3 jellies
  Crazy Yiuf (D:5)
  14 orc wizards
  3 bullfrog skeletons
  5 iguanas
  Natasha (thrice) (D:1)
  8 worker ants
  A killer bee zombie (D:7)
  A mummy (D:7)
  6 gnolls
  A howler monkey skeleton (D:7)
  10 adders
  5 shadow imps
  2 adder skeletons
  2 dart slugs (D:2)
  3 worms
  3 leopard geckos
  44 orcs
  A ball python (D:1)
  8 bats
  5 giant cockroaches
  7 goblins
  8 hobgoblins
  6 jackals
  7 quokkas
  4 ball python skeletons (Ossuary)
  5 frilled lizards
  A goblin zombie (D:7)
  A hobgoblin zombie (D:7)
  A jackal skeleton (D:5)
  14 kobolds
  A kobold zombie (Ossuary)
  An orc skeleton (Ossuary)
  2 orc zombies (Ossuary)
  9 rats
342 creatures vanquished.

Notes
Turn   | Place    | Note
-------+----------+-------------------------------------------
     0 | D:1      | DildoBatman the Formicid Wizard began the quest for the
                  | Orb.
     0 | D:1      | Reached XP level 1. HP: 13/13 MP: 4/4
    18 | D:1      | Reached skill level 1 in Conjurations
   221 | D:1      | Reached XP level 2. HP: 19/19 MP: 4/6
   621 | D:1      | Reached XP level 3. HP: 24/24 MP: 1/7
   833 | D:2      | Noticed Natasha
   861 | D:2      | Learned a level 2 spell: Slow
   865 | D:2      | Learned a level 3 spell: Mephitic Cloud
   929 | D:2      | Noticed Sigmund
  1592 | D:2      | Reached XP level 4. HP: 30/30 MP: 3/8
  2015 | D:3      | Found an opulent altar of Gozag.
  2595 | D:4      | Reached skill level 1 in Poison Magic
  2595 | D:4      | Reached XP level 5. HP: 35/35 MP: 5/9
  2673 | D:4      | Reached skill level 1 in Short Blades
  2731 | D:4      | Found a snail-covered altar of Cheibriados.
  2756 | D:4      | Reached skill level 1 in Air Magic
  2764 | D:4      | Reached XP level 6. HP: 36/41 MP: 4/10
  2816 | D:4      | Noticed an ogre
  2828 | D:4      | Killed an ogre
  2892 | D:4      | Found a bloodstained altar of Trog.
  3457 | D:5      | Entered Level 5 of the Dungeon
  3491 | D:5      | Noticed Eustachio
  3633 | D:5      | Noticed an ogre
  3634 | D:5      | Noticed an ice beast
  3645 | D:5      | Killed an ogre
  3645 | D:5      | Reached XP level 7. HP: 46/46 MP: 7/11
  3650 | D:5      | Reached skill level 1 in Staves
  3875 | D:5      | Found a runed door.
  4301 | D:6      | Reached XP level 8. HP: 52/52 MP: 8/12
  4317 | D:6      | Found a staircase to the Ecumenical Temple.
  4326 | Temple   | Entered the Ecumenical Temple
  4459 | D:6      | Reached skill level 5 in Poison Magic
  4641 | D:6      | Found Qeimead's Weapon Emporium.
  4670 | D:6      | Got a crude rapier
  4671 | D:6      | Identified the +1 rapier of War {freeze, rC+ Str+4 Int+2}
                  | (You found it on level 6 of the Dungeon)
  4706 | D:6      | Got a translucent flail
  4707 | D:6      | Identified the +1 flail of the Eight Coins {antimagic,
                  | rPois rF- Dex-4 SInv} (You found it on level 6 of the
                  | Dungeon)
  4739 | D:6      | Found an ancient bone altar of Kikubaaqudgha.
  4745 | D:6      | Became a worshipper of Kikubaaqudgha
  4765 | D:6      | Reached skill level 1 in Fighting
  4765 | D:6      | Reached skill level 1 in Armour
  5025 | D:6      | Reached skill level 1 in Polearms
  5330 | D:5      | Noticed Crazy Yiuf
  5330 | D:5      | Noticed Menkaure
  5355 | D:5      | Killed Crazy Yiuf
  5391 | D:5      | Killed Menkaure
  5546 | D:4      | Killed Eustachio
  5546 | D:4      | Reached XP level 9. HP: 62/62 MP: 11/13
  5696 | D:2      | Killed Sigmund
  5790 | D:1      | Killed Natasha
  5959 | D:1      | Noticed Natasha
  5965 | D:1      | Killed Natasha
  6067 | D:1      | Noticed Natasha
  6078 | D:1      | Killed Natasha
  6316 | D:7      | Reached skill level 5 in Stealth
  6384 | D:7      | Learned a level 3 spell: Regeneration
  6424 | D:7      | Reached * piety under Kikubaaqudgha
  6424 | D:7      | Identified Kikubaaqudgha's Collected Works on Necromancy
                  | (Kikubaaqudgha gifted it to you on level 7 of the Dungeon)
  6424 | D:7      | Received a gift from Kikubaaqudgha
  6625 | D:7      | Found a sand-covered staircase.
  6629 | Ossuary  | Entered an ossuary
  6774 | Ossuary  | Reached ** piety under Kikubaaqudgha
  6812 | Ossuary  | Reached skill level 1 in Evocations
  7015 | D:7      | Found a glowing golden altar of the Shining One.
  7021 | D:7      | Found a deep blue altar of Sif Muna.
  7021 | D:7      | Found a white marble altar of Elyvilon.
  7021 | D:7      | Found a shattered altar of Ashenzari.
  7061 | D:7      | Found a deep blue altar of Sif Muna.
  7120 | D:7      | Reached skill level 5 in Fighting
  7120 | D:7      | Reached XP level 10. HP: 74/74 MP: 10/14
  7186 | D:7      | Reached skill level 5 in Armour
  7449 | D:8      | You fall through a shaft for 2 floors!
  7449 | D:10     | Entered Level 10 of the Dungeon
  7766 | D:10     | Noticed a five-headed hydra
  7796 | D:10     | Reached skill level 5 in Evocations
  7880 | D:8      | Noticed a two-headed ogre
  7899 | D:8      | Killed a two-headed ogre
  8132 | D:8      | Found a sacrificial altar of Ru.
  8183 | D:8      | Learned a level 3 spell: Confuse
  8302 | D:8      | Found a blossoming altar of Fedhas.
  8487 | D:8      | Found Affaguji's Armour Shoppe.
  8493 | D:8      | Bought the cursed +0 leather armour of Ycrois {-Tele MR+++
                  | Regen+ Dex+3} for 250 gold pieces
  8558 | D:8      | Reached skill level 1 in Hexes
  8586 | D:8      | Reached XP level 11. HP: 26/83 MP: 4/16
  8962 | D:9      | Reached *** piety under Kikubaaqudgha
  8962 | D:9      | Identified Kikubaaqudgha's Reference Book on Evil Magic
                  | (Kikubaaqudgha gifted it to you on level 9 of the Dungeon)
  8962 | D:9      | Received a gift from Kikubaaqudgha
  9322 | D:9      | Found Zuru's Assorted Antiques.
  9334 | D:9      | Bought a scroll labeled XACOOP SIWI for 33 gold pieces
  9334 | D:9      | Bought 2 lumpy dark potions for 59 gold pieces
  9334 | D:9      | Bought a blue potion for 29 gold pieces
  9334 | D:9      | Bought a metallic yellow potion for 29 gold pieces
  9674 | D:10     | Found a staircase to the Orcish Mines.
 10034 | D:10     | Killed a one-headed hydra
 10220 | D:10     | Reached **** piety under Kikubaaqudgha
 10353 | D:10     | Noticed Josephine
 10458 | D:10     | Killed Josephine
 10572 | D:10     | Reached skill level 5 in Spellcasting
 10572 | D:10     | Reached XP level 12. HP: 68/91 MP: 19/19
 10677 | D:8      | Noticed a two-headed hydra
 10683 | D:8      | Killed a one-headed hydra
 11012 | D:11     | Got a bloodstained robe
 11032 | D:11     | Identified the +2 robe of the City {+Fly MR+} (You found it
                  | on level 11 of the Dungeon)
 11168 | D:11     | Reached skill level 5 in Dodging
 11234 | D:11     | Reached skill level 5 in Hexes
 11305 | D:11     | Noticed Grum
 11310 | D:11     | Killed Grum
 11367 | D:11     | Found a staircase to the Lair.
 11577 | D:11     | Noticed an unseen horror
 11582 | D:11     | Killed an unseen horror
 11887 | Orc:1    | Entered Level 1 of the Orcish Mines
 11919 | Orc:1    | Noticed Snorg
 11938 | Orc:1    | Noticed Urug
 11951 | Orc:1    | Killed Snorg
 11959 | Orc:1    | Killed Urug
 11959 | Orc:1    | Reached ***** piety under Kikubaaqudgha
 12147 | Orc:1    | Noticed a stone giant
 12226 | Orc:1    | Killed a stone giant
 12226 | Orc:1    | Reached skill level 1 in Charms
 12276 | Orc:1    | Reached skill level 1 in Necromancy
 12315 | Orc:1    | Noticed an orc high priest
 12340 | Orc:1    | Killed an orc high priest
 12340 | Orc:1    | Reached XP level 13. HP: 85/99 MP: 14/20
 12485 | Orc:1    | Noticed a stone giant
 12491 | Orc:1    | Hit by a large rock thrown by a stone giant

Skill      XL: |  1  2  3  4  5  6  7  8  9 10 11 12 13 |
---------------+----------------------------------------+-----
Conjurations   | 1 2 3 4 |  4.0
Poison Magic   | 1 2 3 4 6 |  6.1
Short Blades   | 1 2 3 4 |  4.0
Air Magic      | 1 2 3 |  3.1
Staves         | 2 3 |  3.6
Dodging        | 2 3 4 5 |  5.9
Fighting       | 2 5 6 7 8 |  8.8
Armour         | 2 4 5 6 7 |  7.9
Stealth        | 4 6 7 8 9 |  9.9
Polearms       | 1 2 |  2.3
Evocations     | 1 7 8 9 |  9.6
Hexes          | 1 4 6 |  6.4
Spellcasting   | 5 |  5.0
Charms         | 1 2 |  2.0
Necromancy     | 1 |  1.8
Summonings     | |  1.0
Translocations | |  0.8

Action                   |  1- 3 |  4- 6 |  7- 9 | 10-12 | 13-15 || total
-------------------------+-------+-------+-------+-------+-------++-------
Melee: Club              |    61 |       |       |       |       ||    61
       Unarmed           |     1 |       |       |       |       ||     1
       Rapier            |       |    87 |   221 |   505 |    37 ||   850
       Quarterstaff      |       |     1 |    85 |   100 |       ||   186
       Spear             |       |       |     4 |       |       ||     4
       Hand axe          |       |       |       |     9 |       ||     9
 Fire: Shortbow          |       |       |       |     8 |       ||     8
 Cast: Magic Dart        |    76 |    37 |    30 |    69 |       ||   212
       Mephitic Cloud    |     2 |    15 |    16 |    54 |     7 ||    94
       Regeneration      |       |       |     1 |     1 |       ||     2
       Slow              |       |       |       |     9 |       ||     9
       Confuse           |       |       |       |     6 |     1 ||     7
 Abil: Dig               |     4 |    10 |     4 |    12 |     1 ||    31
Evoke: Wand              |       |       |     1 |     8 |       ||     9
  Use: Scroll            |       |     3 |     4 |     1 |       ||     8
 Stab: Confused          |     1 |     4 |     8 |    49 |     5 ||    67
       Sleeping          |       |       |    10 |    13 |       ||    23
       Paralysed         |       |       |     1 |     4 |       ||     5
       Distracted        |       |       |       |     1 |       ||     1
  Eat: Chunk             |     3 |     7 |    15 |    23 |     1 ||    49
Armor: Robe              |    20 |    13 |    62 |    29 |       ||   124
       Leather armour    |       |       |       |    99 |     5 ||   104
Dodge: Dodged            |    58 |    54 |   190 |   329 |     7 ||   638
